 Dungeon Crawl Stone Soup version 0.30.0-29-ga12c61a403 (webtiles) character file.

Game seed: 15276621990584770029

301 Josd the Shooter (level 6, -15/51 HPs)
             Began as a Minotaur Hunter on June 20, 2023.
             Demolished by an ogre
             ... wielding a +0 giant spiked club
              (23 damage)
             ... on level 4 of the Dungeon.
             The game lasted 00:06:25 (2692 turns).

Josd the Shooter (Minotaur Hunter)                  Turns: 2692, Time: 00:06:26

Health: -15/51     AC: 10    Str: 22    XL:     6   Next: 14%
Magic:  5/5        EV:  9    Int:  6    God:
Gold:   90         SH:  0    Dex: 15    Spells: 5/5 levels left

rFire   . . .        a - +0 shortbow
rCold   + . .        (shield currently unavailable)
rNeg    . . .        l - +1 chain mail {rC+}
rPois   .            (helmet restricted)
rElec   .            (no cloak)
rCorr   .            m - +0 pair of gloves
SInv    .            (no boots)
Will    .....        (no amulet) Stlth
                     f - +6 ring of strength
HPRegen 0.28/turn    (no ring)
MPRegen 0.09/turn

%: no passive effects
@: no status effects
A: horns 2, retaliatory headbutt, mutation resistance 1
a: no special abilities


You were on level 4 of the Dungeon.
You visited 1 branch of the dungeon, and saw 4 of its levels.

You collected 90 gold pieces.

Inventory:

Hand Weapons
 a - a +0 shortbow (weapon)
Armour
 c - a +0 leather armour
 l - a +1 chain mail of cold resistance (worn)
 m - a +0 pair of gloves (worn)
Jewellery
 f - a +6 ring of strength (left hand)
Scrolls
 b - a scroll of immolation
 e - a scroll of enchant weapon {unknown}
 p - a scroll of fog {unknown}
Potions
 d - 2 potions of heal wounds
 g - a potion of lignification {unknown}
 h - a potion of berserk rage {unknown}
 i - 2 potions of attraction
 n - a potion of haste {unknown}
 q - a potion of curing {unknown}


   Skills:
 + Level 3.4 Fighting
 + Level 7.3 Ranged Weapons
 + Level 2.1 Armour
 + Level 2.4 Dodging
 + Level 1.0 Stealth


You had 5 spell levels left.
You didn't know any spells.
Your spell library was empty.

Dungeon Overview and Level Annotations

Branches:
Dungeon (4/15)
 Temple: D:4-7

Altars:
Xom
The Shining One

Shops:
D:1 *

Annotations:
D:4 3 runed translucent doors


Innate Abilities, Weirdness & Mutations

You have a pair of horns on your head.
You reflexively headbutt those who attack you in melee.
You are somewhat resistant to further mutation.


Message History

A quokka comes into view.
You shoot an arrow.
The arrow hits the hobgoblin but does no damage.
Fire: a) +0 shortbow
Press: ? - help, Q - select action Shift-Dir - straight line, f/p - hobgoblin
Aim: a hobgoblin (63% to hit)
Okay, then.
You shoot an arrow. The arrow hits the hobgoblin!
You kill the hobgoblin!
The hobgoblin closely misses you.
You shoot an arrow. The arrow hits the hobgoblin.
The hobgoblin is heavily wounded.
The hobgoblin hits you but does no damage. x2
The hobgoblin hits you but does no damage.
You shoot an arrow.
The arrow hits the hobgoblin but does no damage.
The hobgoblin is moderately wounded.
The hobgoblin hits you.
You shoot an arrow. The arrow hits the hobgoblin.
The hobgoblin is almost dead.
The hobgoblin hits you. The hobgoblin barely misses you.
You shoot an arrow. The arrow hits the hobgoblin!
You kill the hobgoblin!
You shoot an arrow. The arrow completely misses the ogre.
The arrow hits the quokka!
You kill the quokka!
The ogre barely misses you. You furiously retaliate!
You headbutt the ogre! You shoot an arrow. The arrow hits the ogre.
The ogre is heavily wounded.
The ogre hits you with a +0 giant spiked club!!
You are too injured to fight recklessly!
You are too injured to fight recklessly!
You shoot an arrow. The arrow hits the ogre!
The ogre is severely wounded.
The ogre hits you with a +0 giant spiked club!
* * * LOW HITPOINT WARNING * * *
The ogre attacks as you move away!
The ogre hits you with a +0 giant spiked club!!
You die...
Xom cackles wildly!

#.# .# # #.# ##.
.### #
.###.####### #..
..# #
..†...r....# #.#
#.###
..########r# #.##
##..## .# #.#
#..## ##...## .
#.#######...##
##.....#
#..††...#....#
#.......
######O@.....#
#....###
#.##...######...#
#.##..###..###..#
#.##.###....###.#
#.##.##......##.#
..##..).........#
..##..####.##..##
........#
#.†#.#####
.P♣..#..#
#.........


You could see an ogre.

Vanquished Creatures
  An ice beast (D:4)
  A howler monkey (D:4)
  A hound (D:4)
  5 adders
  A worm (D:3)
  3 dart slugs
  8 orcs (D:3)
  A ball python (D:2)
  5 bats
  8 endoplasms
  7 giant cockroaches
  7 goblins
  6 hobgoblins
  9 jackals
  4 quokkas
  3 kobolds
  2 rats
72 creatures vanquished.

Notes
Turn   | Place    | Note
-------+----------+-------------------------------------------
     0 | D:1      | Josd the Minotaur Hunter began the quest for the Orb.
     0 | D:1      | Reached XP level 1. HP: 18/18 MP: 0/0
    49 | D:1      | Reached XP level 2. HP: 25/25 MP: 1/1
   197 | D:1      | Found Wosakk's General Store.
   366 | D:1      | Reached skill level 5 in Ranged Weapons
   650 | D:2      | Found a faded altar of an unknown god.
   662 | D:2      | Prayed at the altar of an unknown god.
   662 | D:2      | Became a worshipper of Xom of Chaos
   735 | D:2      | Reached XP level 3. HP: 27/30 MP: 2/2
  1024 | D:2      | Fell from the grace of Xom
  1453 | D:3      | Reached XP level 4. HP: 37/37 MP: 3/3
  1465 | D:3      | Reached skill level 6 in Ranged Weapons
  1812 | D:3      | Reached skill level 1 in Armour
  1813 | D:3      | Reached skill level 1 in Stealth
  2010 | D:3      | Gained mutation: You are frail. (-10% HP) [potion of
                  | mutation]
  2010 | D:3      | Gained mutation: You have very sharp teeth. [potion of
                  | mutation]
  2012 | D:3      | Lost mutation: You are frail. (-10% HP) [potion of
                  | mutation]
  2012 | D:3      | Lost mutation: You have very sharp teeth. [potion of
                  | mutation]
  2012 | D:3      | Gained mutation: You are somewhat resistant to further
                  | mutation. [potion of mutation]
  2220 | D:3      | XOM: summons 1 hostile demon
  2221 | D:3      | Noticed a chaos spawn
  2317 | D:4      | XOM: 3-stop teleportation journey
  2328 | D:4      | Reached XP level 5. HP: 38/45 MP: 4/4
  2363 | D:4      | Found a glowing golden altar of the Shining One.
  2388 | D:4      | Found a runed translucent gate.
  2410 | D:4      | Noticed an ice beast
  2418 | D:4      | Killed an ice beast
  2419 | D:4      | Reached skill level 7 in Ranged Weapons
  2496 | D:4      | Noticed an ice beast
  2499 | D:4      | XOM: cloud trail
  2552 | D:4      | Reached XP level 6. HP: 41/51 MP: 5/5
  2590 | D:4      | Found a runed translucent gate.
  2590 | D:4      | Found a runed translucent gate.
  2692 | D:4      | Demolished by an ogre

Illustrated notes

Levels and vault maps discovered:
D:1:      dpeg_arrival_windows_large_door, layout_basic, serial_shops,
          nicolae_shop_real_fake_doors
D:2:      layout_loops_ring, dreamdust_ecumenical_altar_statues
D:3:      layout_loops_ring, serial_aquarium, aquarium_bridge_square
          [aquarium_subvault_bridge, aquarium_subvault_bridge,
          aquarium_subvault_wall, aquarium_subvault_bridge],
          aquarium_window_fake, aquarium_window_corridor_3, aquarium_window_1,
          aquarium_window_2, aquarium_view_2d, aquarium_balcony_3a,
          aquarium_pool_side, minmay_ruptured, uniq_natasha
D:4:      layout_loops_ring, mainiacjoe_overflow_surrounded_room,
          makhleb_altar_promises_db, minmay_temple_entry_large_hall,
          gammafunk_ghost_icy, hex_tiny, st_stairs_1, serial_park_tiny_1,
          hangedman_feature_mirror, minmay_misc_feat_square, minivault_19,
          minmay_crossroads

Skill      XL: |  1  2  3  4  5 |
---------------+----------------+-----
Ranged Weapons | 5 6 7 |  7.3
Armour         | 1 2 |  2.1
Stealth        | 1 |  1.0
Fighting       | 3 |  3.4
Dodging        | |  2.4

Action                     |  1- 3 |  4- 6 || total
---------------------------+-------+-------++-------
   Fire: Shortbow          |    81 |   140 ||   221
 Invoke: Renounce Religion |     1 |       ||     1
    Use: Scroll            |       |     7 ||     7
         Potion            |       |     2 ||     2
 Armour: Leather armour    |     8 |       ||     8
         Chain mail        |       |    48 ||    48
  Dodge: Dodged            |    26 |    39 ||    65
